AoeStats
← Carlangasmotta

Arabia

509727798Analyzed
2v2 RM · 5d ago on Sep 27, 2026· 82m 43s· 4 players
Game mode
Random Map
Map size
Medium (4 player)
Population
200
Speed
Normal
Resources
Standard
Victory
Conquest
Starting age
Dark Age
Ending age
Imperial Age
RankedLock teamsTeams togetherTeam positionsShared explorationLock speedFull tech treeHidden civsTurbo modeCheats
Victory
Defeat
🇫🇷 Cumans · France
970
+10
🇫🇷 Japanese · France
803
+43
🇦🇷 Mongols · Argentina
941
-53
🇦🇷 Saracens · Argentina
722
-23
Carlangasmotta
0:34 Loom
12:22 Feudal Age
13:38 Wheelbarrow
12:52 Double-Bit Axe
12:58 Gold Mining
12:50 Horse Collar
22:52 Castle Age
22:04 Forging
22:00 Scale Barding Armor
24:58 Hand Cart
24:54 Bow Saw
25:21 Gold Shaft Mining
24:38 Stone Mining
24:50 Heavy Plow
26:57 Iron Casting
30:37 Imperial Age
29:40 Ballistics
29:17 Murder Holes
31:29 Chain Barding Armor
31:42 Masonry
32:35 Chemistry
32:11 Elite Mameluke
35:29 Pikeman
36:10 Squires
35:55 Arson
35:56 Gambesons
39:04 Conscription
38:59 Counterweights
40:29 Blast Furnace
41:57 Two-Man Saw
81:54 Husbandry
moto2506
6:18 Loom
8:42 Feudal Age
14:51 Horse Collar
16:46 Double-Bit Axe
18:42 Wheelbarrow
22:48 Castle Age
24:31 Scale Barding Armor
27:10 Chain Barding Armor
29:42 Husbandry
29:55 Bloodlines
31:43 Stone Mining
32:36 Bow Saw
33:55 Padded Archer Armor
33:46 Fletching
35:10 Hand Cart
35:56 Leather Archer Armor
35:36 Bodkin Arrow
37:28 Gold Mining
38:14 Stone Shaft Mining
42:53 Imperial Age
40:50 Bodkin Arrow
41:53 Gold Shaft Mining
41:54 Stone Shaft Mining
42:13 Light Cavalry
44:03 Hussar
45:45 Forging
45:36 Bracer
46:23 Conscription
48:44 Heavy Scorpion
52:38 Drill
51:50 Elite Mangudai
55:10 Ballistics
58:56 Iron Casting
62:21 Blast Furnace
79:04 Heavy Plow
81:32 Squires
80:54 Pikeman
Ombrias
7:39 Loom
10:07 Feudal Age
25:09 Castle Age
26:04 Gambesons
25:50 Pikeman
27:07 Forging
26:58 Scale Mail Armor
31:08 Double-Bit Axe
31:07 Horse Collar
32:24 Town Watch
33:15 Wheelbarrow
33:45 Bow Saw
34:27 Town Patrol
35:32 Iron Casting
35:49 Gold Mining
39:17 Thumb Ring
41:51 Scale Barding Armor
41:37 Fletching
41:47 Padded Archer Armor
42:03 Chain Mail Armor
42:35 Gold Shaft Mining
42:39 Ballistics
43:30 Arson
43:45 Squires
49:35 Imperial Age
47:11 Bodkin Arrow
47:31 Leather Archer Armor
49:44 Heavy Cavalry Archer
50:49 Parthian Tactics
50:33 Halberdier
52:21 Guard Tower
53:32 Chemistry
59:19 Blast Furnace
58:50 Plate Mail Armor
58:40 Chain Barding Armor
58:21 Bracer
58:52 Ring Archer Armor
61:59 Keep
61:36 Masonry
66:49 Caravan
68:56 Two-Man Saw
68:03 Heavy Plow
69:05 Elite Skirmisher
79:32 Kataparuto
Scloki
12:25 Feudal Age
14:40 Double-Bit Axe
17:00 Wheelbarrow
17:07 Wheelbarrow
17:15 Horse Collar
19:18 Town Watch
19:35 Loom
20:09 Gold Mining
20:59 Scale Barding Armor
20:55 Scale Mail Armor
24:55 Castle Age
22:56 Stone Mining
23:23 Bloodlines
23:23 Scale Barding Armor
23:57 Man-at-Arms
26:04 Hand Cart
27:21 Town Patrol
28:04 Gold Shaft Mining
32:00 Imperial Age
30:22 Ballistics
30:42 Heavy Plow
31:17 Capped Ram
32:52 Siege Ram
38:08 Elite Kipchak
38:55 Cuman Mercenaries
40:00 Steppe Husbandry
40:21 Elite Steppe Lancer
44:04 Padded Archer Armor
43:55 Fletching
44:05 Scale Mail Armor
44:26 Chain Barding Armor
48:33 Leather Archer Armor
48:14 Bodkin Arrow
48:34 Chain Mail Armor
48:55 Plate Barding Armor
48:30 Forging
51:14 Light Cavalry
52:29 Hussar
57:10 Plate Mail Armor
57:16 Iron Casting
57:58 Caravan
61:37 Crop Rotation
61:20 Bow Saw
Connection lost

Rejoining the realm…

Still unreachable

The connection could not be restored.

Session expired

The server has moved on; the page needs a fresh start.